 Dungeon Crawl Stone Soup version 0.27.1 (webtiles) character file.

Game seed: 10303151627515506681

2495 Ishikawa the Carver (level 9, -5/75 HPs)
             Began as a Minotaur Fighter on Sept 1, 2021.
             Was a Believer of Okawaru.
             Slain by a two-headed ogre (10 damage)
             ... on level 8 of the Dungeon.
             The game lasted 00:15:45 (7706 turns).

Ishikawa the Carver (Minotaur Fighter)              Turns: 7706, Time: 00:15:45

Health: -5/75      AC: 15    Str: 20    XL:     9   Next: 28%
Magic:  9/9        EV:  6    Int:  5    God:    Okawaru [**....]
Gold:   59         SH: 11    Dex: 14    Spells: 8/8 levels left

rFire    . . .     SeeInvis .   a - +0 long sword
rCold    . . .     Faith    .   c - +0 kite shield
rNeg     + . .     Spirit   .   f - +0 plate armour
rPois    .         Reflect  .   (helmet restricted)
rElec    .         Harm     .   r - +0 cloak
rCorr    .         Rampage  .   m - +0 pair of gloves
Will     .....                  (no boots)
Stlth    ..........             v - amulet of the acrobat
HPRegen  0.22/turn              z - ring of positive energy
MPRegen  0.11/turn              B - +4 ring of slaying

@: no status effects
A: horns 2, retaliatory headbutt
a: Renounce Religion, Heroism


You were on level 8 of the Dungeon.
You worshipped Okawaru.
Okawaru was pleased with you.
You visited 2 branches of the dungeon, and saw 9 of its levels.

You collected 288 gold pieces.
You spent 229 gold pieces at shops.

Inventory:

Hand Weapons
 a - a +0 long sword (weapon)
 e - a +3 club
 u - a +3 spear
Missiles
 n - a throwing net (quivered)
Armour
 c - a +0 kite shield (worn)
 f - a +0 plate armour (worn)
 m - a +0 pair of gloves (worn)
 r - a +0 cloak (worn)
Magical Staves
 k - a staff of conjuration
Jewellery
 v - an amulet of the acrobat (around neck)
 z - a ring of positive energy (left hand)
 A - a ring of protection from cold
 B - a +4 ring of slaying (right hand)
Wands
 y - a wand of paralysis (5)
 E - a wand of digging (5)
Scrolls
 b - a scroll of enchant weapon {unknown}
 d - a scroll of fear {unknown}
 g - 5 scrolls of amnesia
 h - 4 scrolls of teleportation
 i - a scroll of vulnerability {unknown}
 o - a scroll of holy word
 p - a scroll of enchant armour {unknown}
 q - 2 scrolls of identify
 s - a scroll of blinking {unknown}
 x - a scroll of silence {unknown}
Potions
 j - a potion of haste {unknown}
 l - 2 potions of flight {unknown}
 t - 2 potions of lignification {unknown}
 w - 2 potions of curing
 C - a potion of attraction {unknown}
 D - a potion of brilliance {unknown}


   Skills:
 * Level 6.0 Fighting
 * Level 8.1 Long Blades
 * Level 7.2 Armour
 * Level 3.9 Dodging
 * Level 3.2 Stealth
 * Level 7.4 Shields
 * Level 2.3 Invocations
 * Level 2.1 Evocations


You had 8 spell levels left.
You didn't know any spells.
Your spell library contained the following spells:

 Spells                   Type           Power      Damage    Failure   Level
 Conjure Flame            Conj/Fire      0%         6-21      100%        3
 Ignite Poison            Fire/Tmut/Pois 0%         N/A       100%        3
 Sticky Flame             Conj/Fire      0%         2d3       100%        4


Dungeon Overview and Level Annotations

Branches:
Dungeon (8/15)             Temple (1/1) D:5
   Lair: D:8-11

Altars:
Ashenzari
Cheibriados
Fedhas
Gozag
Makhleb
Nemelex Xobeh
Okawaru
Ru
Trog
Uskayaw
Yredelemnul
Zin
The Shining One

Shops:
D:7 [!


Innate Abilities, Weirdness & Mutations

You have a pair of horns on your head.
You reflexively headbutt those who attack you in melee.


Message History

There is a stone staircase leading up here.
A two-headed ogre is nearby!
You hit the two-headed ogre but do no damage.
You block the two-headed ogre's attack.
The two-headed ogre hits you but does no damage.
You hit the two-headed ogre. You headbutt the two-headed ogre.
The two-headed ogre is lightly wounded.
The two-headed ogre hits you with a +0 dire flail!
The two-headed ogre hits you with a +0 giant club!
You slash the two-headed ogre! You headbutt the two-headed ogre!
The two-headed ogre is moderately wounded.
The two-headed ogre hits you with a +0 dire flail.
The two-headed ogre barely misses you.
You hit the two-headed ogre.
The two-headed ogre is heavily wounded.
You slash the two-headed ogre!
The two-headed ogre is severely wounded.
The two-headed ogre hits you with a +0 dire flail!
The two-headed ogre hits you with a +0 giant club!!
* * * LOW HITPOINT WARNING * * *
You hear a shout! x2
You slash the two-headed ogre!
The two-headed ogre is severely wounded.
You hear a shout! x6
The two-headed ogre hits you with a +0 dire flail!
* * * LOW HITPOINT WARNING * * *
The two-headed ogre hits you with a +0 giant club.
* * * LOW HITPOINT WARNING * * *
You hear a shout!
You feel better.
You hear a shout!
The two-headed ogre hits you with a +0 dire flail.
* * * LOW HITPOINT WARNING * * *
The two-headed ogre hits you with a +0 giant club!
* * * LOW HITPOINT WARNING * * *
You hear a shout!
Your plate armour prevents you from hitting the two-headed ogre.
The two-headed ogre is severely wounded.
The two-headed ogre hits you with a +0 dire flail!
You die...

..###.. .......
....... .......
....[.. .......
########.......
.......@.......
######O........
#.$.......
#.........
#.....####
#.....# ......#
......#


You could see a two-headed ogre.

Vanquished Creatures
  Maggie (D:7)
  A hornet (D:7)
  Sigmund (D:6)
  Eustachio (D:4)
  Duvessa (D:7)
  2 orc warriors (D:7)
  An ice beast (D:6)
  A sky beast (D:6)
  2 ogres
  A bullfrog (D:7)
  A scorpion (D:6)
  A wyvern zombie (D:6)
  Dowan (D:7)
  A water moccasin zombie (D:6)
  2 water moccasin skeletons
  A bullfrog skeleton (D:6)
  A hound (D:6)
  An orc priest (D:7)
  2 centaur skeletons
  Crazy Yiuf (D:7)
  A jelly (D:5)
  A gnoll shaman (D:5)
  2 iguanas
  Ijyb (D:5)
  An orc wizard (D:7)
  A howler monkey zombie (D:7)
  15 gnolls
  7 adders
  2 shadow imps
  A white imp (D:7)
  A worm (D:2)
  2 dart slugs
  18 orcs
  10 bats
  9 endoplasms
  3 giant cockroaches
  2 goblins
  9 hobgoblins
  7 jackals (D:3)
  7 kobolds
  7 quokkas
  3 ball pythons
  4 frilled lizards
  5 rats
143 creatures vanquished.

Notes
Turn   | Place    | Note
-------+----------+-------------------------------------------
     0 | D:1      | Ishikawa the Minotaur Fighter began the quest for the Orb.
     0 | D:1      | Reached XP level 1. HP: 19/19 MP: 0/0
    62 | D:1      | Found a faded altar of an unknown god.
   154 | D:1      | Reached XP level 2. HP: 27/27 MP: 1/1
   712 | D:1      | Reached XP level 3. HP: 33/33 MP: 2/2
   881 | D:2      | Reached skill level 3 in Long Blades
   889 | D:2      | Reached XP level 4. HP: 28/36 MP: 3/3
   891 | D:2      | Reached skill level 1 in Dodging
  1582 | D:2      | Reached skill level 1 in Stealth
  1587 | D:2      | Reached XP level 5. HP: 38/47 MP: 4/4
  1836 | D:3      | Noticed an ogre
  1851 | D:3      | Killed an ogre
  1852 | D:3      | Reached skill level 4 in Long Blades
  1852 | D:3      | Reached skill level 5 in Shields
  2062 | D:3      | Reached XP level 6. HP: 29/53 MP: 5/5
  2656 | D:4      | Found a blossoming altar of Fedhas.
  2844 | D:4      | Noticed Eustachio
  2863 | D:4      | Killed Eustachio
  2864 | D:4      | Reached skill level 5 in Long Blades
  3109 | D:5      | Entered Level 5 of the Dungeon
  3190 | D:5      | Reached XP level 7. HP: 56/60 MP: 6/6
  3195 | D:5      | Reached skill level 5 in Armour
  3210 | D:5      | Found a staircase to the Ecumenical Temple.
  3258 | D:5      | Reached skill level 5 in Fighting
  3486 | D:5      | Noticed Ijyb
  3505 | D:5      | Killed Ijyb
  3538 | Temple   | Entered the Ecumenical Temple
  3658 | Temple   | Became a worshipper of Warmaster Okawaru
  4177 | D:6      | Noticed Sigmund
  4188 | D:6      | Killed Sigmund
  4189 | D:6      | Reached skill level 6 in Long Blades
  4212 | D:6      | Reached XP level 8. HP: 68/68 MP: 7/7
  4576 | D:6      | Reached skill level 1 in Invocations
  4691 | D:6      | Reached skill level 1 in Evocations
  5016 | D:6      | Reached * piety under Okawaru
  5177 | D:6      | Reached skill level 7 in Long Blades
  5610 | D:7      | Noticed Maggie
  5637 | D:7      | Killed Maggie
  5899 | D:7      | Found Peutzi Apso's Antique Armour Boutique.
  5908 | D:7      | Bought a jewelled kite shield for 190 gold pieces
  5908 | D:7      | Identified the -3 kite shield of Misanthropy {MP+9 Dex+5}
                  | (You bought it in a shop on level 7 of the Dungeon)
  5917 | D:7      | Found a snail-covered altar of Cheibriados.
  5981 | D:7      | Noticed Duvessa
  5984 | D:7      | Noticed Dowan
  5994 | D:7      | Killed Duvessa
  5994 | D:7      | Reached ** piety under Okawaru
  5997 | D:7      | Killed Dowan
  6004 | D:7      | Found a bloodstained altar of Trog.
  6112 | D:7      | Reached XP level 9. HP: 48/75 MP: 9/9
  6238 | D:7      | Found a runed translucent door.
  6239 | D:7      | Noticed Crazy Yiuf
  6244 | D:7      | Killed Crazy Yiuf
  6744 | D:7      | Found Tymog's Distillery.
  6749 | D:7      | Bought a potion of curing for 39 gold pieces
  6982 | D:7      | Paralysed by a hornet for 1 turns
  6989 | D:7      | Reached skill level 8 in Long Blades
  7598 | D:7      | Found a glowing silver altar of Zin.
  7698 | D:8      | Noticed a two-headed ogre
  7706 | D:8      | Slain by a two-headed ogre

Illustrated notes

Levels and vault maps discovered:
D:1:      minmay_arrival_checkered_box, layout_loops_ring,
          dreamdust_ecumenical_altar_statues, minmay_tripent
D:2:      layout_basic, minmay_misc_feat_plants, kennysheep_generic_room_8
D:3:      layout_rooms
D:4:      layout_rooms, fedhas_altar_4, uniq_eustachio
D:5:      layout_rooms, minmay_temple_entry_sparse_star, uniq_ijyb
D:6:      layout_basic, st_stairs_12, uniq_sigmund
D:7:      layout_basic, lemuel_round_altar, mainiacjoe_overflow_big_doors,
          serial_shops, shop, kennysheep_little_box, st_stairs_13,
          uniq_crazy_yiuf_cottage, uniq_maggie, uniq_duvessa
D:8:      layout_rooms, grunt_temple_overflow_magic_moments,
          grunt_dithmenos_shadows, marbit_many_paths, jmf_multi_god_temple2,
          kennysheep_another_room
Temple:   nicolae_temple_figure_zero

Skill      XL: |  1  2  3  4  5  6  7  8  9 |
---------------+----------------------------+-----
Shields        | 4 5 6 7 |  7.4
Armour         | 4 5 6 7 |  7.2
Fighting       | 4 5 6 |  6.0
Long Blades    | 3 4 5 6 7 8 |  8.1
Dodging        | 1 2 3 |  3.9
Stealth        | 1 2 3 |  3.2
Invocations    | 2 |  2.3
Evocations     | 1 2 |  2.1

Action                   |  1- 3 |  4- 6 |  7- 9 || total
-------------------------+-------+-------+-------++-------
Melee: Long sword        |    97 |   173 |   251 ||   521
       Headbutt          |    12 |    34 |    58 ||   104
  Use: Potion            |     1 |       |     4 ||     5
       Scroll            |       |     2 |     2 ||     4
Armor: Scale mail        |     3 |       |       ||     3
       Plate armour      |    56 |   158 |   112 ||   326
Dodge: Dodged            |    18 |    46 |    44 ||   108
Block: Kite shield       |    53 |   130 |   120 ||   303
       Rpst.: Long sword |     7 |    11 |    13 ||    31
